 Dungeon Crawl Stone Soup version 0.27-a0-1287-gca74d27db6 (webtiles) character file.

Game seed: 10844332874040698690

133 lunkers the Gusty (level 4, -5/24 HPs)
             Began as a Deep Elf Air Elementalist on June 14, 2021.
             Slain by a phantom (6 damage)
             ... on level 3 of the Dungeon.
             The game lasted 00:03:34 (2845 turns).

lunkers the Gusty (Deep Elf Air Elementalist)       Turns: 2845, Time: 00:03:34

Health: -5/24      AC:  2    Str:  5    XL:     4   Next: 93%
Magic:  10/12      EV: 12    Int: 21    God:
Gold:   144        SH:  0    Dex: 15    Spells: 10/11 levels left

rFire    . . .     SeeInvis .   o - staff of conjuration
rCold    . . .     Faith    .   (no shield)
rNeg     . . .     Spirit   .   a - +0 robe
rPois    .         Reflect  .   (no helmet)
rElec    .         Harm     .   (no cloak)
rCorr    .         Rampage  .   (no gloves)
Will     .....                  (no boots)
Stlth    ++........             (no amulet)
HPRegen  0.08/turn              (no ring)
MPRegen  0.13/turn              (no ring)

@: no status effects
A: no striking features
a: no special abilities


You were on level 3 of the Dungeon.
You visited 1 branch of the dungeon, and saw 4 of its levels.

You collected 144 gold pieces.

Inventory:

Hand Weapons
 g - a +0 short sword
Armour
 a - a +0 robe (worn)
Magical Staves
 o - a staff of conjuration (weapon)
Jewellery
 h - a ring of poison resistance
 n - a ring of resist corrosion
Wands
 j - a wand of mindburst (15)
Scrolls
 b - 3 scrolls of identify {unknown}
 c - 2 scrolls of magic mapping {unknown}
 e - a scroll of blinking {unknown}
 f - a scroll of enchant weapon {unknown}
 i - a scroll of noise {unknown}
Potions
 d - a potion of mutation {unknown}
 k - a potion of flight {unknown}
 l - 2 potions of curing {unknown}
 m - a potion of magic {unknown}
 p - 2 potions of invisibility {unknown}


   Skills:
 - Level 2.4 Dodging
 - Level 2.4 Stealth
 + Level 4.0 Spellcasting
 * Level 3.4 Conjurations
 * Level 4.2 Air Magic


You had 10 spell levels left.
You knew the following spells:

 Your Spells              Type           Power      Damage    Failure   Level
a - Shock                 Conj/Air       100%       1d9       2%          1

Your spell library contained the following spells:

 Spells                   Type           Power      Damage    Failure   Level
 Static Discharge         Conj/Air       30%        N/A       3%          2
 Swiftness                Air            22%        N/A       6%          3
 Airstrike                Air            11%        N/A       21%         4
 Lightning Bolt           Conj/Air       15%        1d29      56%         5


Dungeon Overview and Level Annotations

Branches:
Dungeon (4/15)
 Temple: D:4-7

Altars:


Message History

You escape the ball python's grasp.
The phantom hits you!
* * * LOW HITPOINT WARNING * * *
You climb upwards.
There is a stone staircase leading down here.
You are too injured to fight recklessly!
Casting: Shock (safe; 2% risk of failure)
Confirm with . or Enter, or press ? or * to list all spells.
Aiming: Shock (safe; 2% risk of failure)
Press: ? - help, Shift-Dir - straight line
Okay, then.
Casting: Shock (safe; 2% risk of failure)
Confirm with . or Enter, or press ? or * to list all spells.
You don't know that spell.
You closely miss the phantom. The ball python misses you.
The ball python barely misses you. The phantom hits you.
* * * LOW HITPOINT WARNING * * *
The ball python closely misses you. x2
Unknown command.
Casting: Shock (safe; 2% risk of failure)
Confirm with . or Enter, or press ? or * to list all spells.
Aiming: Shock (safe; 2% risk of failure)
Press: ? - help, Shift-Dir - straight line You feel a surge of power!
The zap hits the ball python!
You kill the ball python!
The phantom hits you but does no damage.
Unknown command.
The phantom hits you!
* * * LOW HITPOINT WARNING * * *
The phantom blinks!
You blink.
Casting: Shock (safe; 2% risk of failure)
Confirm with . or Enter, or press ? or * to list all spells.
Aiming: Shock (safe; 2% risk of failure)
Press: ? - help, Shift-Dir - straight line, f - phantom
Aim: a phantom (64% to hit)
You feel a surge of power!
The zap hits the phantom!
The phantom is moderately damaged.
The zap hits the plant.
The plant begins to die.
The plant is lightly damaged.
The phantom hits you.
You die...

#.....# #...#...........)#
......###.#.#..........###
..........#............#
♣.....####...≈PP.......#
♣...#....#.#P≈≈≈.......#
♣...#.##.#.##≈♣♣≈......#
......#....##P≈..#######
.)....#..####..W.#
.....########...@##
.####.............#
###....######..†..# #
#....# ###§#.# ###....#
#>§.# #......# #####
#.###### #.# ).#


You could see a phantom.

Vanquished Creatures
  A howler monkey (D:3)
  A hound (D:4)
  An ufetubus (D:3)
  A dart slug (D:2)
  6 endoplasms
  2 giant cockroaches
  5 goblins
  6 hobgoblins
  8 jackals (D:2)
  2 quokkas
  4 ball pythons
  3 bats
  2 frilled lizards (D:2)
  8 kobolds
  5 rats
55 creatures vanquished.

Notes
Turn   | Place    | Note
-------+----------+-------------------------------------------
     0 | D:1      | lunkers the Deep Elf Air Elementalist began the quest for
                  | the Orb.
     0 | D:1      | Reached XP level 1. HP: 10/10 MP: 6/6
   510 | D:1      | Reached XP level 2. HP: 15/15 MP: 6/8
  1273 | D:2      | Reached XP level 3. HP: 17/19 MP: 1/9
  1936 | D:2      | Found a faded altar of an unknown god.
  2702 | D:4      | Reached XP level 4. HP: 24/24 MP: 5/11
  2759 | D:4      | Noticed a phantom
  2838 | D:4      | Noticed a necrophage
  2838 | D:4      | Noticed a phantom
  2844 | D:3      | HP: 1/24 [phantom (8)]
  2845 | D:3      | Slain by a phantom

Illustrated notes

Levels and vault maps discovered:
D:1:      dpeg_arrival_water_temple_mockup, layout_basic
D:2:      layout_basic, ebering_ecumenical_altar_hall,
          chequers_serial_rivers_small_3, grunt_decor_one_mirror,
          kennysheep_cross_room
D:3:      layout_basic, chequers_garden, serial_bayou_pond_d
D:4:      layout_rooms, grunt_decor_cap, uniq_pikel, uniq_duvessa

Skill      XL: |  1  2  3  4 |
---------------+-------------+-----
Conjurations   | 2 3 |  3.4
Air Magic      | 4 |  4.2
Spellcasting   | 4 |  4.0
Dodging        | |  2.4
Stealth        | |  2.4

Action                   |  1- 3 |  4- 6 || total
-------------------------+-------+-------++-------
Melee: Unarmed           |    16 |       ||    16
       Staff             |       |     1 ||     1
 Cast: Shock             |   102 |     7 ||   109
Armor: Robe              |     7 |     2 ||     9
Dodge: Dodged            |    35 |    10 ||    45

Table legend: (Time is in decaauts)
 A = Elapsed time spent in this place.
 B = Non-inter-level travel time spent in this place.
 C = Inter-level travel time spent in this place.
 D = Time resting spent in this place.
 E = Time spent auto-exploring this place.
 F = Levels seen in this place.
 G = Mean time per level.
                   A        B        C        D        E       F      G
               +--------+--------+--------+--------+--------+-----+--------+
         Total |   2849 |   2748 |    101 |    140 |   2324 |   4 |  712.2 |
       Dungeon |   2849 |   2748 |    101 |    140 |   2324 |   4 |  712.2 |
               +--------+--------+--------+--------+--------+-----+--------+

Top non-repeatable levels by time:
     D:2: 1216 daAuts
     D:1: 957 daAuts
     D:3: 599 daAuts
     D:4: 77 daAuts
